 Dungeon Sprint DCSS version 0.29-a0-221-gceb61267dd (webtiles) character file.

Game seed: 6104352961455180631

11871 mhtbhm the Impaler (level 11, -17/117 HPs)
             Began as a Grey Draconian Berserker on Feb 27, 2022.
             Was the Champion of Trog.
             Killed from afar by Sonja (20 damage)
             ... with an iceblast
             ... in the Dungeon (Sprint IX: "|||||||||||||||||||||||||||||").
             The game lasted 00:02:57 (1976 turns).

mhtbhm the Impaler (Grey Draconian Berserker)       Turns: 1976, Time: 00:02:58

Health: -17/117    AC: 17    Str: 23    XL:     11   Next: 55%
Magic:  11/11      EV: 18    Int:  8    God:    Trog [******]
Gold:   34         SH:  0    Dex: 11    Spells: 10/10 levels left

rFire   . . .      SeeInvis .   a - +2 glaive (flame)
rCold   . . .      Faith    .   (shield currently unavailable)
rNeg    . . .      Spirit   .   (body armour unavailable)
rPois   .          Reflect  .   (helmet restricted)
rElec   .          Harm     .   t - +0 cloak
rCorr   .          Rampage  .   k - +0 pair of gloves
Will    .....      NoTele   +   j - +0 pair of boots
Stlth   ++++......              (no amulet)
HPRegen 0.29/turn               l - +2 ring of protection
MPRegen 0.12/turn               m - +2 ring of evasion

@: lethally poisoned (-17 -> -33), on berserk cooldown, slowed, very slow
A: AC +12, amphibious, unfitting armour, cold-blooded
a: Renounce Religion, Berserk, Trog's Hand, Brothers in Arms


You were in the Dungeon.
You worshipped Trog.
Trog was exalted by your worship.
You visited 1 branch You collected 34 gold pieces.

Inventory:

Hand Weapons
 a - a +2 glaive of flaming (weapon)
Missiles
 n - a curare-tipped dart (quivered)
 u - 6 javelins
Armour
 j - a +0 pair of boots (worn)
 k - a +0 pair of gloves (worn)
 t - a +0 cloak (worn)
Jewellery
 l - a +2 ring of protection (left hand)
 m - a +2 ring of evasion (right hand)
Wands
 i - a wand of acid (3)
Scrolls
 g - a scroll of blinking
 p - 4 scrolls of enchant armour
 q - 4 scrolls of enchant weapon
 r - a scroll of fear
 s - a scroll of identify
Potions
 b - 5 potions of curing
 c - 6 potions of heal wounds
 d - 2 potions of haste
 e - 4 potions of magic
 f - 4 potions of berserk rage
 h - a potion of invisibility
Miscellaneous
 o - a phantom mirror


   Skills:
 + Level 17.0 Fighting
 + Level 19.0 Polearms
 + Level 12.4 Dodging
 + Level 7.9 Stealth
 + Level 5.1 Evocations


You had 10 spell levels left.
You didn't know any spells.
Your spell library was empty.

Dungeon Overview and Level Annotations

Branches:
Dungeon (1/1)

Altars:
Cheibriados
Dithmenos
Elyvilon
Fedhas
Gozag
Hepliaklqana
Kikubaaqudgha
Makhleb
Nemelex Xobeh
Okawaru
Qazlal
Ru
Sif Muna
Trog
Uskayaw
Vehumet
Wu Jian
Xom
Yredelemnul
Zin
The Shining One
Beogh
Jiyva
Lugonu

Annotations:
D Sonja


Innate Abilities, Weirdness & Mutations

Your dull iron-grey scales are very hard. (AC +12)
You are amphibious.
You cannot fit into any form of body armour.
You are cold-blooded and may be slowed by cold attacks.


Message History

You are too injured to fight recklessly!
A red film seems to cover your vision as you go berserk!
You feel yourself moving faster!
You feel mighty!
You feel extremely sick.
Sonja gestures wildly while chanting.
Sonja blinks!
Sonja throws a curare-tipped dart.
The curare-tipped dart hits you.
You are more poisoned.
You have difficulty breathing.
* * * LOW HITPOINT WARNING * * *
You feel as though you will be slow longer.
You feel a strong urge to attack something.
* * * LOW HITPOINT WARNING * * *
You feel extremely sick.
Sonja throws a curare-tipped dart.
The curare-tipped dart completely misses you.
* * * LOW HITPOINT WARNING * * *
You feel extremely sick.
Unknown command.
Unknown command.
You slice Sonja!! You burn Sonja.
Sonja is severely wounded.
* * * LOW HITPOINT WARNING * * *
You feel very sick.
Sonja mumbles some strange words.
Sonja blinks!
Unknown command.
* * * LOW HITPOINT WARNING * * *
You feel very sick.
Sonja zaps a wand.
The mass of ice explodes!
The iceblast engulfs you!
* * * LOW HITPOINT WARNING * * *
You feel a strong urge to attack something.
You are no longer berserk.
You are exhausted.
You feel as though you will be slow longer.
* * * LOW HITPOINT WARNING * * *
You feel very sick.
Sonja throws a curare-tipped dart.
The curare-tipped dart misses you.
Sonja zaps a wand.
The mass of ice explodes!
The iceblast engulfs you!!
You die...

▓▓▓▓▓▓▓▓▓▓▓▓▓▓▓▓▓▓▓▓▓▓▓▓
..)..........K.§@.......
▓▓▓▓▓▓▓▓▓▓▓▓▓▓▓▓▓▓▓▓▓▓▓▓▓▓
...'.....).[.....'.......▓
▓▓▓▓▓▓▓▓▓▓▓▓▓▓▓▓▓▓▓▓▓▓▓▓.▓
.........................▓
▓▓▓▓▓▓▓▓▓▓▓▓▓▓▓▓▓▓▓▓▓▓▓▓▓▓
________'.....).....)...<▓
▓▓▓▓▓▓▓▓▓▓▓▓▓▓▓▓▓▓▓▓▓▓▓▓▓▓


You could see Sonja.

Vanquished Creatures
  A dire elephant (D)
  A catoblepas (D)
  3 hydras (D)
  A boulder beetle (D)
  Urug (D)
  2 ugly things (D)
  A manticore (D)
  8 elephants (D)
  3 black mambas (D)
  4 cane toads (D)
  A komodo dragon (D)
  A dream sheep (D)
  A wraith (D)
  A yak (D)
  A wyvern (D)
  An orc warrior (D)
  A black bear (D)
  A wolf (D)
  A centaur (D)
  An ogre (D)
  A kobold brigand (D)
  2 bullfrogs (D)
  A gnoll sergeant (D)
  2 howler monkeys (D)
  A hound (D)
  An adder (D)
  An ufetubus (D)
  A goblin (D)
  A bat (D)
  A frilled lizard (D)
  A kobold (D)
  A rat (D)
49 creatures vanquished.

Notes
Turn   | Place    | Note
-------+----------+-------------------------------------------
     0 | D        | mhtbhm the Draconian Berserker began the quest for the Orb.
     0 | D        | Reached XP level 1. HP: 19/19 MP: 1/1
    18 | D        | Reached ** piety under Trog
   147 | D        | Noticed an ogre
   147 | D        | Noticed a hound
   147 | D        | Noticed a centaur
   150 | D        | Reached XP level 2. HP: 27/27 MP: 2/2
   155 | D        | Killed a centaur
   155 | D        | Reached *** piety under Trog
   156 | D        | Reached skill level 5 in Polearms
   156 | D        | Reached skill level 5 in Dodging
   156 | D        | Reached XP level 3. HP: 38/38 MP: 3/3
   156 | D        | Reached XP level 4. HP: 45/45 MP: 4/4
   159 | D        | Reached skill level 6 in Polearms
   165 | D        | Killed an ogre
   166 | D        | Reached skill level 7 in Polearms
   166 | D        | Reached XP level 5. HP: 28/53 MP: 5/5
   222 | D        | Found a snail-covered altar of Cheibriados.
   222 | D        | Found a shadowy altar of Dithmenos.
   222 | D        | Found a white marble altar of Elyvilon.
   222 | D        | Found a blossoming altar of Fedhas.
   222 | D        | Found an opulent altar of Gozag.
   223 | D        | Found a hazy altar of Hepliaklqana.
   224 | D        | Found a viscous altar of Jiyva.
   225 | D        | Found an ancient bone altar of Kikubaaqudgha.
   226 | D        | Found a corrupted altar of Lugonu.
   227 | D        | Found a burning altar of Makhleb.
   228 | D        | Found a sparkling altar of Nemelex Xobeh.
   229 | D        | Found an iron altar of Okawaru.
   230 | D        | Found a stormy altar of Qazlal.
   231 | D        | Found a sacrificial altar of Ru.
   232 | D        | Found a shimmering blue altar of Sif Muna.
   233 | D        | Found a bloodstained altar of Trog.
   234 | D        | Found a hide-covered altar of Uskayaw.
   235 | D        | Found a radiant altar of Vehumet.
   236 | D        | Found an ornate altar of the Wu Jian Council.
   237 | D        | Found a shimmering altar of Xom.
   238 | D        | Found a basalt altar of Yredelemnul.
   239 | D        | Found a glowing silver altar of Zin.
   240 | D        | Found a glowing golden altar of the Shining One.
   396 | D        | Noticed a yak
   396 | D        | Noticed a wraith
   396 | D        | Noticed an orc warrior
   401 | D        | Killed an orc warrior
   401 | D        | Reached **** piety under Trog
   402 | D        | Reached skill level 8 in Polearms
   402 | D        | Reached XP level 6. HP: 62/62 MP: 6/6
   413 | D        | Killed a wraith
   414 | D        | Reached skill level 10 in Fighting
   414 | D        | Reached skill level 9 in Polearms
   416 | D        | Killed a yak
   417 | D        | Reached skill level 10 in Polearms
   417 | D        | Reached skill level 1 in Stealth
   417 | D        | Your scales start taking on a dull iron-grey colour.
   417 | D        | Reached XP level 7. HP: 35/73 MP: 7/7
   426 | D        | Reached ***** piety under Trog
   617 | D        | Noticed a boulder beetle
   617 | D        | Noticed a manticore
   617 | D        | Noticed a red ugly thing
   617 | D        | Noticed a komodo dragon
   617 | D        | Noticed a brown ugly thing
   625 | D        | Killed a brown ugly thing
   626 | D        | Reached skill level 11 in Polearms
   626 | D        | Reached skill level 1 in Evocations
   626 | D        | Reached XP level 8. HP: 83/83 MP: 8/8
   631 | D        | Killed a komodo dragon
   632 | D        | Reached skill level 12 in Polearms
   634 | D        | Killed a red ugly thing
   635 | D        | Reached skill level 13 in Polearms
   638 | D        | Killed a manticore
   638 | D        | Received a gift from Trog
   639 | D        | Reached skill level 10 in Dodging
   639 | D        | Reached XP level 9. HP: 92/92 MP: 9/9
   644 | D        | Killed a boulder beetle
   645 | D        | Reached skill level 14 in Polearms
   895 | D        | Noticed a cane toad
   895 | D        | Noticed a four-headed hydra
   895 | D        | Noticed a five-headed hydra
   895 | D        | Noticed a cane toad
   895 | D        | Noticed a cane toad
   896 | D        | Noticed a four-headed hydra
   901 | D        | Killed a cane toad
   902 | D        | Reached skill level 15 in Polearms
   908 | D        | Killed an 11-headed hydra
  1099 | D        | Noticed a catoblepas
  1120 | D        | Killed a four-headed hydra
  1120 | D        | Received a gift from Trog
  1120 | D        | Killed a cane toad
  1121 | D        | Reached skill level 16 in Polearms
  1121 | D        | Reached XP level 10. HP: 74/103 MP: 10/10
  1136 | D        | Noticed a black mamba
  1148 | D        | Killed an eight-headed hydra
  1185 | D        | Killed a catoblepas
  1186 | D        | Reached skill level 17 in Polearms
  1463 | D        | Killed a cane toad
  1484 | D        | Killed a black mamba
  1485 | D        | Reached skill level 5 in Stealth
  1589 | D        | Noticed an elephant
  1589 | D        | Noticed a black mamba
  1589 | D        | Noticed a black mamba
  1595 | D        | Killed a black mamba
  1595 | D        | Received a gift from Trog
  1596 | D        | Reached skill level 15 in Fighting
  1597 | D        | Noticed a cane toad
  1598 | D        | Killed a black mamba
  1598 | D        | Reached ****** piety under Trog
  1605 | D        | Killed an elephant
  1614 | D        | Killed a cane toad
  1615 | D        | Reached skill level 18 in Polearms
  1615 | D        | Reached XP level 11. HP: 113/113 MP: 11/11
  1688 | D        | Noticed a dire elephant
  1713 | D        | Killed a dire elephant
  1713 | D        | Received a gift from Trog
  1726 | D        | Reached skill level 5 in Evocations
  1891 | D        | Noticed Urug
  1901 | D        | Killed Urug
  1902 | D        | Reached skill level 19 in Polearms
  1952 | D        | Noticed Sonja
  1976 | D        | HP: 3/117 [poisoned by Sonja (curare-tipped dart)]
  1976 | D        | Killed from afar by Sonja

Illustrated notes

Levels and vault maps discovered:
D:        linesprint [early_d, line_temple, items_1, d_10, items_2, lair_1,
          lair_end, items_3, orc_1, orc_end, items_4, d_15, swamp_1, shoals_1,
          snake_1, spider_1, d_20, vaults_1, items_5, swamp_end, shoals_end,
          snake_end, spider_end, vaults_end, d_27, items_6, zot_1, zot_end,
          crypt_end, forest_end, elf_end, slime_end, tomb_end, abyss_end,
          pan_hell_end]

Skill      XL: |  1  2  3  4  5  6  7  8  9 10 11 |
---------------+----------------------------------+-----
Dodging        | 3 5 6 8 9 10 11 12 | 12.4
Fighting       | 4 6 8 10 11 12 14 15 17 | 17.0
Polearms       | 5 7 8 10 11 13 16 18 19 | 19.0
Stealth        | 1 2 3 6 7 |  7.9
Evocations     | 1 2 3 4 5 |  5.1

Action                   |  1- 3 |  4- 6 |  7- 9 | 10-12 || total
-------------------------+-------+-------+-------+-------++-------
Melee: Spear             |    29 |    10 |       |       ||    39
       Tailslap          |     3 |     2 |    11 |    12 ||    28
       Halberd           |       |    17 |    46 |    79 ||   142
       Glaive            |       |       |       |    20 ||    20
Invok: Berserk           |     1 |     1 |     2 |     5 ||     9
Evoke: Wand              |       |       |     7 |       ||     7
       Phantom mirror    |       |       |     1 |       ||     1
  Use: Potion            |       |     1 |       |       ||     1
       Scroll            |       |       |       |     1 ||     1
 Stab: Petrified         |       |       |       |     4 ||     4
       Distracted        |       |       |       |     1 ||     1
Armor: Skin              |     7 |     2 |    25 |    37 ||    71
Dodge: Dodged            |    17 |    14 |    23 |    34 ||    88

Table legend: (Time is in decaauts)
 A = Elapsed time spent in this place.
 B = Non-inter-level travel time spent in this place.
 C = Inter-level travel time spent in this place.
 D = Time resting spent in this place.
 E = Time spent auto-exploring this place.
 F = Levels seen in this place.
 G = Mean time per level.
                   A        B        C        D        E       F      G
               +--------+--------+--------+--------+--------+-----+--------+
         Total |   2010 |   2010 |      0 |   1370 |    226 |   1 | 2010.0 |
       Dungeon |   2010 |   2010 |      0 |   1370 |    226 |   1 | 2010.0 |
               +--------+--------+--------+--------+--------+-----+--------+

Top non-repeatable levels by time:
       D: 2010 daAuts
